 Dungeon Crawl Stone Soup version 0.29.0-13-gc9e81de378 (webtiles) character file.

Game seed: 1442004825146108504

21 keekatzer the Caller (level 2, 0/23 HPs)
             Began as a Ghoul Summoner on Sept 9, 2022.
             Slain by Terence
             ... wielding a +0 short sword of flaming
              (2 damage)
             ... on level 2 of the Dungeon.
             The game lasted 00:04:40 (1089 turns).

keekatzer the Caller (Ghoul Summoner)               Turns: 1089, Time: 00:04:41

Health: 0/23       AC:  3    Str: 11    XL:     2   Next: 83%
Magic:  1/3        EV: 11    Int: 16    God:
Gold:   67         SH:  0    Dex:  9    Spells: 1/4 levels left

rFire   . . .      SeeInvis .   h - +4 short sword
rCold   + . .      Faith    .   (no shield)
rNeg    + + +      Spirit   .   n - +0 leather armour
rPois   ∞          Reflect  .   (no helmet)
rElec   .          Harm     .   (no cloak)
rCorr   .          Rampage  .   (no gloves)
Will    .....                   (no boots)
Stlth   ++........              (no amulet)
HPRegen 0.00/turn               c - ring of wizardry
MPRegen 0.08/turn               m - +6 ring of intelligence

@: inhibited regen
A: claws 1, cold resistance 1, negative energy resistance 3, inhibited
regeneration, torment resistance 2, devour on kill
a: no special abilities


You were on level 2 of the Dungeon.
You visited 1 branch of the dungeon, and saw 2 of its levels.

You collected 67 gold pieces.

Inventory:

Hand Weapons
 d - a +0 dagger
 h - a +4 short sword (weapon)
Armour
 a - a +0 robe
 n - a +0 leather armour (worn)
Jewellery
 c - a ring of wizardry (left claw)
 m - a +6 ring of intelligence (right claw)
Scrolls
 i - a scroll of identify {unknown}
 k - a scroll of vulnerability {unknown}
 l - a scroll of immolation {unknown}
Potions
 b - a potion of magic
 e - a potion of brilliance {unknown}
 f - a potion of attraction {unknown}
 g - 2 potions of curing {unknown}
 j - a potion of degeneration {unknown}


   Skills:
 * Level 1.1 Fighting
 * Level 0.5 Short Blades
 * Level 0.0 Armour
 * Level 2.1 Dodging
 * Level 2.8 Stealth
 + Level 1.7 Spellcasting
 * Level 3.6 Summonings


You had one spell level left.
You knew the following spells:

 Your Spells              Type           Power      Damage    Failure   Level
a - Summon Small Mammal   Summ           48%        N/A       2%          1
b - Call Imp              Summ           12%        N/A       4%          2

Your spell library contained the following spells:

 Spells                   Type           Power      Damage    Failure   Level
 Shock                    Conj/Air       4%         1d3       12%         1
 Call Canine Familiar     Summ           12%        N/A       8%          3
 Summon Guardian Golem    Hex/Summ       7%         N/A       16%         3
 Swiftness                Air            1%         N/A       32%         3
 Summon Lightning Spire   Summ/Air       7%         N/A       45%         4
 Airstrike                Air            0%         2d(1-17)  69%         4


Dungeon Overview and Level Annotations

Branches:
Dungeon (2/15)

Altars:

Shops:
D:1 [*

Annotations:
D:2 Terence


Innate Abilities, Weirdness & Mutations

You are immune to poison.
You have sharp fingernails.
Your flesh is cold resistant. (rC+)
You are immune to negative energy. (rN+++)
You do not regenerate when monsters are visible.
You are immune to unholy pain and torment.
You thrive by killing the living.


Message History

Casting: Call Imp (safe; 4% risk of failure)
Confirm with . or Enter, or press ? or * to list all spells.
A beastly little devil appears in a puff of frigid air.
You hit Terence but do no damage.
Terence hits you with a +0 short sword of flaming!
Terence burns you.
Your white imp barely misses Terence.
You hit Terence but do no damage.
Terence hits you with a +0 short sword of flaming.
Terence burns you.
* * * LOW HITPOINT WARNING * * *
Your white imp closely misses Terence.
Terence barely misses your white imp.
Your white imp gestures at Terence.
The puff of frost hits Terence.
Your white imp barely misses Terence.
Your white imp gestures at Terence.
The puff of frost hits Terence.
You see here a rat corpse.
Casting: Call Imp (safe; 4% risk of failure)
Confirm with . or Enter, or press ? or * to list all spells.
Your white imp gestures at Terence.
The puff of frost hits Terence but does no damage.
You hit Terence.
Terence is severely wounded.
Terence misses you.
Your white imp gestures at Terence.
The puff of frost hits Terence.
There is an open door here.
You catch the helpless Terence completely off-guard!
You hit Terence but do no damage.
Terence is almost dead.
Terence barely misses you.
Your white imp gestures at Terence.
The puff of frost hits Terence.
You barely miss Terence.
Terence is almost dead.
Terence hits you with a +0 short sword of flaming.
* * * LOW HITPOINT WARNING * * *
Terence burns you.
You die...

..# #+#... .. #.#..# ... ..
#.#..#####... ######...
#####.......... .........
#.........[..# #......#
#............# #......##
#)...........######......'.
####............@@.5r.......#
..........).....#####.......##
.###)....############........#
.....<.......................#
####.†...#########.##.........
#†....# # #...#####. #.....#
...... #.....# ##.##...
#....## #.# ###..


You could see Terence (ally target), a friendly white imp (summoned) and a
friendly rat (summoned).

Vanquished Creatures
  A ball python (D:1)
  An endoplasm (D:2)
  A giant cockroach (D:2)
  2 hobgoblins (D:1)
  A bat (D:1)
  A kobold (D:2)
  2 rats
9 creatures vanquished.

Vanquished Creatures (collateral kills)
  2 endoplasms (D:1)
  2 goblins (D:1)
  2 bats
  A frilled lizard (D:1)
  3 kobolds (D:1)
  A rat (D:1)
11 creatures vanquished.

Grand Total: 20 creatures vanquished

Notes
Turn   | Place    | Note
-------+----------+-------------------------------------------
     0 | D:1      | keekatzer the Ghoul Summoner began the quest for the Orb.
     0 | D:1      | Reached XP level 1. HP: 14/14 MP: 2/2
    76 | D:1      | Found Xuagent's Antique Armour Emporium.
   117 | D:1      | Reached XP level 2. HP: 10/22 MP: 1/3
   127 | D:1      | Reached skill level 1 in Fighting
   421 | D:1      | Found Gagru's Jewellery Boutique.
   492 | D:1      | Found a faded altar of an unknown god.
   537 | D:1      | Learned a level 2 spell: Call Imp
   731 | D:1      | Found Uvonud's General Store.
  1072 | D:2      | Noticed Terence
  1089 | D:2      | Slain by Terence

Illustrated notes

Levels and vault maps discovered:
D:1:      onia_arrival_mini_spirals, layout_rooms,
          chequers_ecumenical_altar_island, serial_shops, nicolae_shop_stone,
          shop, nicolae_shop_competitors_out_of_business, hex_tiny,
          minmay_misc_feat_diagonals
D:2:      layout_basic, uniq_terence, uniq_robin, uniq_jessica

Skill      XL: |  1  2 |
---------------+-------+-----
Dodging        | 2 |  2.1
Fighting       | 1 |  1.1
Short Blades   | |  0.5
Stealth        | |  2.8
Spellcasting   | |  1.7
Summonings     | |  3.6

Action                   || total
-------------------------++-------
Melee: Dagger            ||    25
       Short sword       ||    24
       Punch             ||     1
 Cast: Summon Small Mamm ||    11
       Call Imp          ||     2
 Stab: Distracted        ||     1
       Sleeping          ||     1
Armor: Robe              ||     6
       Leather armour    ||     8
Dodge: Dodged            ||    37
